 Dungeon Crawl Stone Soup version 0.22-a0-358-g7563fe7 (webtiles) character file.

676 Amnesiac the Skirmisher (level 7, -8/44 HPs)
             Began as a Deep Elf Conjurer on Apr 18, 2018.
             Was an Initiate of Ru.
             Killed by divine providence
             ... invoked by an orc priest
              (12 damage)
             ... on level 4 of the Dungeon.
             The game lasted 00:06:06 (4726 turns).

Amnesiac the Skirmisher (Deep Elf Conjurer)         Turns: 4726, Time: 00:06:07

Health: -8/44      AC:  2    Str:  5    XL:     7   Next: 33%
Magic:  5/13       EV: 15    Int: 22    God:    Ru [......]
Gold:   152        SH:  0    Dex: 15    Spells: 5/12 levels left

rFire    . . .     SeeInvis .   k - +2 dagger (flame)
rCold    . . .     Gourm    .   (no shield)
rNeg     . . .     Faith    .   a - +0 robe
rPois    .         Spirit   .   (no helmet)
rElec    .         Reflect  .   (no cloak)
rCorr    .         Harm     .   (no gloves)
MR       .....                  (no boots)
Stlth    ++........             (no amulet)
HPRegen  0.14/turn              (no ring)
MPRegen  0.13/turn              (no ring)

@: no status effects
A: no striking features
a: Sacrifice Stealth, Sacrifice Love, Sacrifice Skill, Reject Sacrifices,
Renounce Religion


You were on level 4 of the Dungeon.
You worshipped Ru.
Ru was noncommittal.
You were hungry.

You visited 1 branch of the dungeon, and saw 6 of its levels.

You collected 152 gold pieces.

Inventory:

Hand Weapons
 k - a +2 dagger of flaming (weapon)
Armour
 a - a +0 robe (worn)
 r - a +0 pair of gloves
Jewellery
 q - an uncursed ring of ice {unknown}
Scrolls
 b - a scroll of fear {!r}
 d - a scroll of amnesia {!r, unknown}
 g - 5 scrolls of identify {!r}
 i - a scroll of blinking {!r, unknown}
 j - a scroll of enchant weapon {!r, unknown}
Potions
 e - 2 potions of berserk rage {!q, unknown}
 f - a potion of lignification {!q, unknown}
 h - 3 potions of heal wounds {!q, unknown}
 l - a potion of degeneration {!q, unknown}
 m - a potion of experience {!q}
 n - a potion of haste {!q, unknown}
 o - a potion of mutation {!q, unknown}
 p - a potion of agility {!q, unknown}
 t - a potion of flight {!q, unknown}
Comestibles
 c - 6 rations


   Skills:
 * Level 5.3 Fighting
 + Level 5.3 Dodging
 - Level 2.4 Stealth
 - Level 3.0 Spellcasting
 - Level 5.1 Conjurations


You had 5 spell levels left.
You knew the following spells:

 Your Spells              Type           Power        Failure   Level  Hunger
a - Magic Dart            Conj           ####         1%          1    None
d - Iskenderun's Mystic   Conj           ####....     14%         4    ####...
e - Searing Ray           Conj           ####..       2%          2    ##.....


Dungeon Overview and Level Annotations

Branches:
Dungeon (6/15)
 Temple: D:4-7

Altars:
Cheibriados
Elyvilon
Ru

Annotations:
D:4 exclusion: orc warrior


Message History

Aim: a leopard gecko (resting)
The magic dart hits the leopard gecko.
You kill the leopard gecko!
Casting: Magic Dart (safe; 1% risk of failure)
Confirm with . or Enter, or press ? or * to list all spells.
You can't see any susceptible monsters within range! (Use Z to cast anyway.)
Casting: Magic Dart (safe; 1% risk of failure)
Confirm with . or Enter, or press ? or * to list all spells.
You can't see any susceptible monsters within range! (Use Z to cast anyway.)
An orc priest and an orc wizard come into view.
The orc wizard shouts!
You hear a shout!
An orc priest comes into view. It is wielding a war axe.
There are monsters nearby!
The orc wizard gestures wildly while chanting.
The orc wizard flickers and vanishes!
Deactivating autopickup; reactivate with Ctrl-A.
You are feeling hungry.
A magic dart appears from out of thin air!
The magic dart hits you!
Casting: Magic Dart (safe; 1% risk of failure)
Confirm with . or Enter, or press ? or * to list all spells.
Aiming: Searing Ray (safe; 2% risk of failure)
Press: ? - help, Shift-Dir - straight line The searing ray hits something. (Press . to maintain the ray.)
The searing ray hits something.
A magic dart appears from out of thin air!
The magic dart hits you!
The searing ray hits something.
Reactivating autopickup.
You feel a bit more experienced.
The orc priest shouts!
You hear a shout! x2
An orc comes into view. It is wielding a mace.
The orc shouts!
The orc priest mumbles some strange prayers to Beogh against you.
Beogh smites you!
* * * LOW HITPOINT WARNING * * *
The orc moves out of view.
Things that are here:
a dagger; a robe; an orc corpse
Casting: Searing Ray (safe; 2% risk of failure)
Confirm with . or Enter, or press ? or * to list all spells.
Aiming: Searing Ray (safe; 2% risk of failure)
Press: ? - help, Shift-Dir - straight line, f - orc priest
Aim: an orc priest, wearing a chain mail The searing ray misses the orc priest. (Press . to maintain the ray.)
The searing ray misses the orc priest.
The orc priest invokes the aid of Beogh against you.
Beogh smites you!
* * * LOW HITPOINT WARNING * * *
The orc priest hits you.
* * * LOW HITPOINT WARNING * * *
The searing ray hits the orc priest.
The orc priest is lightly wounded.
The orc priest begins to cast a cantrip, but forgets the words!
The searing ray hits the orc priest.
The orc priest is moderately wounded.
The searing ray hits the orc priest.
The orc priest is severely wounded.
You finish channeling your searing ray.
The orc priest mumbles some strange prayers to Beogh against you.
Beogh smites you!
You die...

###.............................o
.####..#.........................
...####.[.......#########......#
#...###........## ########
##....##.......# #....####.....#
#...## ##....# ### ##..##
#....##########.### #...#
##..oo@...........# ...##
#...o............## ...#
#......######.....# ...#
##.....## ##....# ...## #.....##
#....# ##..## #....## ##...#
##..## #....# #..##
##..######..## #..#
##..##.....### #..#


You could see 2 orc priests and an orc.

Vanquished Creatures
  The ghost of Amnesiac the Conjurer, an amateur DECj (D:3)
  2 big kobolds (D:3)
  2 scorpions
  A hound (D:4)
  2 orc wizards (D:4)
  A bullfrog skeleton (D:4)
  Jessica (D:3)
  3 worker ants
  A hound skeleton (D:4)
  7 adders
  An ooze (D:3)
  2 adder skeletons (D:4)
  2 worms (D:2)
  2 leopard geckos
  2 orcs (D:4)
  2 giant cockroaches
  6 goblins
  6 hobgoblins
  6 jackals (D:4)
  2 quokkas (D:3)
  2 bats (D:2)
  4 frilled lizards
  11 kobolds
  7 rats
76 creatures vanquished.

Notes
Turn   | Place    | Note
-------+----------+-------------------------------------------
     0 | D:1      | Amnesiac the Deep Elf Conjurer began the quest for the Orb.
     0 | D:1      | Reached XP level 1. HP: 10/10 MP: 6/6
    70 | D:1      | Reached skill level 1 in Fighting
   384 | D:1      | Reached XP level 2. HP: 16/16 MP: 6/8
   881 | D:2      | Learned a level 2 spell: Searing Ray
   985 | D:2      | Found a white marble altar of Elyvilon.
  1073 | D:2      | Reached XP level 3. HP: 21/21 MP: 6/9
  1535 | D:2      | Noticed a scorpion
  1544 | D:2      | Killed a scorpion
  1544 | D:2      | Reached XP level 4. HP: 28/28 MP: 0/10
  2011 | D:3      | Noticed Amnesiac's ghost (amateur DECj)
  2018 | D:3      | Learned a level 4 spell: Iskenderun's Mystic Blast
  2066 | D:4      | HP: 1/28 [jackal (2)]
  2067 | D:4      | You fall through a shaft for 2 floors!
  2067 | D:6      | Noticed an ogre
  2078 | D:5      | Entered Level 5 of the Dungeon
  2315 | D:5      | Found a sacrificial altar of Ru.
  2320 | D:5      | Became a worshipper of Ru the Awakened
  2332 | D:5      | Reached XP level 5. HP: 28/32 MP: 6/11
  2581 | D:3      | Killed Amnesiac's ghost
  2581 | D:3      | Reached skill level 5 in Conjurations
  2786 | D:3      | Noticed Jessica
  2790 | D:3      | Killed Jessica
  2790 | D:3      | Reached XP level 6. HP: 38/38 MP: 5/12
  3823 | D:4      | Found a snail-covered altar of Cheibriados.
  3896 | D:4      | Noticed an orc warrior
  3994 | D:4      | Reached XP level 7. HP: 34/44 MP: 3/13
  4191 | D:4      | Reached skill level 5 in Fighting
  4300 | D:4      | Reached skill level 5 in Dodging
  4726 | D:4      | Killed from afar by an orc priest

Vault maps used:
D:1:      sevenhm_arrival_forest_fort_small_3, supply_closet_lemuel
D:2:      nicolae_overflow_hidden_temple
D:3:      cheibrodos_thug_alley, first_ration, kennysheep_jessica_study
D:4:      lemuel_coloured_pillars_altar, grunt_ministairs_2
D:5:      kennysheep_little_box, uniq_grinder, uniq_menkaure
D:6:      serial_shops, shop_fountains, elyvilon_altar_4, uniq_duvessa

Skill      XL: |  1  2  3  4  5  6  7 |
---------------+----------------------+-----
Fighting       | 1 2 3 4 5 |  5.3
Dodging        | 3 4 5 |  5.3
Conjurations   | 5 |  5.1
Stealth        | |  2.4
Spellcasting   | |  3.0

Action                   |  1- 3 |  4- 6 |  7- 9 || total
-------------------------+-------+-------+-------++-------
Melee: Unarmed           |     8 |       |       ||     8
 Cast: Magic Dart        |    45 |    82 |    27 ||   154
       Searing Ray       |     6 |     8 |     4 ||    18
  Use: Scroll            |       |     2 |       ||     2
  Eat: Chunk             |     2 |     4 |     2 ||     8
       Ration            |       |     1 |       ||     1
Armor: Robe              |     3 |     3 |     2 ||     8
Dodge: Dodged            |     7 |    25 |    18 ||    50

Table legend:
 A = Spawn XP
 B = Non-spawn XP
 C = Spawn XP percentage of total XP
 D = Spawn monster count
 E = Non-spawn monster count
 F = Spawn count percentage of total count
 G = Total turns spent on level
                    A         B        C        D         E        F      G
               +---------+---------+-------+---------+---------+-------+---------
         Total |       0 |     966 |   0.0 |       0 |      76 |   0.0 |  4726
               +---------+---------+-------+---------+---------+-------+---------
           D:1 |       0 |      17 |   0.0 |       0 |      12 |   0.0 |   836
           D:2 |       0 |     146 |   0.0 |       0 |      18 |   0.0 |  1142
           D:3 |       0 |     427 |   0.0 |       0 |      24 |   0.0 |  1315
           D:4 |       0 |     342 |   0.0 |       0 |      21 |   0.0 |  1135
           D:5 |       0 |      34 |   0.0 |       0 |       1 |   0.0 |   287
               +---------+---------+-------+---------+---------+-------+---------
